 Dungeon Crawl Stone Soup version 0.20.1-1-g8b1a95d (webtiles) character file.

108 pstr the Conjurer (level 5, -21/42 HPs)
             Began as a Kobold Conjurer on Oct 31, 2017.
             Killed from afar by Sigmund (32 damage)
             ... with an exploding inner flame
             ... hexed by the player character
             ... on level 2 of the Dungeon.
             The game lasted 00:12:03 (2654 turns).

pstr the Conjurer (Kobold Conjurer)                 Turns: 2654, Time: 00:12:04

Health: -21/42     AC: 22    Str:  5    XL:     5   Next: 12%
Magic:  1/9        EV:  3    Int: 17    God:
Gold:   95         SH:  0    Dex: 16    Spells: 4/10 levels left

rFire    . . .     SeeInvis .   g - +2 whip (elec)
rCold    . . .     Gourm    .   (shield restricted)
rNeg     + + +     Faith    .   (armour currently unavailable)
rPois    +         Spirit   .   (helmet currently unavailable)
rElec    .         Reflect  .   (cloak currently unavailable)
rCorr    .         Harm     .   (gloves currently unavailable)
MR       .....     NoTele   +   (boots currently unavailable)
Stlth    ++........             (no amulet)
Regen    0.2/turn               (no ring)
MPRegen  0.2/turn               (no ring)

@: tree-form
A: carnivore 3
a: no special abilities


You were on level 2 of the Dungeon.
You were completely stuffed.
You were a tree.
You visited 1 branch of the dungeon, and saw 2 of its levels.

You collected 95 gold pieces.

Inventory:

Hand Weapons
 g - a +2 whip of electrocution (weapon)
Missiles
 e - 44 stones (quivered)
Armour
 a - a +0 robe
 k - a +0 leather armour (melded)
Jewellery
 h - a +3 ring of strength {unknown}
Scrolls
 j - a scroll of identify
Potions
 f - a potion of lignification
Books
 b - a book of Conjurations

   Spells                             Type                      Level
   a - Magic Dart                     Conjuration                  1
   b - Searing Ray                    Conjuration                  2
   c - Dazzling Spray                 Conjuration/Hexes            3
   d - Fulminant Prism                Conjuration/Hexes            4
   e - Force Lance                    Conjuration/Translocation    4
   f - Iskenderun's Mystic Blast      Conjuration                  4
Comestibles
 c - 2 meat rations


   Skills:
 + Level 0.4 Fighting
 + Level 0.1 Maces & Flails
 + Level 1.6 Throwing
 + Level 0.1 Armour
 + Level 2.9 Dodging
 + Level 3.2 Stealth
 + Level 3.2 Spellcasting
 + Level 4.6 Conjurations


You had 4 spell levels left.
You knew the following spells:

 Your Spells              Type           Power        Failure   Level  Hunger
a - Magic Dart            Conj           ###.         2%          1    None
b - Searing Ray           Conj           ###...       3%          2    ##.....
c - Dazzling Spray        Conj/Hex       ##....       21%         3    ###....


Dungeon Overview and Level Annotations

Branches:
Dungeon (2/15)

Altars:


Innate Abilities, Weirdness & Mutations

You are small and have problems with some larger weapons.
You are carnivorous and can eat meat at any time.


Message History

Casting: Searing Ray
Confirm with . or Enter, or press ? or * to list all spells.
Aiming: Searing Ray
Press: ? - help, Shift-Dir - straight line The searing ray hits something. (Press . to maintain the ray.)
Something hits you but does no damage.
The searing ray hits something.
The searing ray hits something.
Something hits you but does no damage.
The searing ray hits something.
You finish channeling your searing ray.
Something hits you but does no damage.
Okay, then.
Okay, then.
You closely miss something. Something hits you but does no damage.
You closely miss something. Something hits you but does no damage.
You hit something. Something hits you but does no damage.
You closely miss something. You hit something. The fiery explosion engulfs you!
Ouch! That really hurt!
You die...

#.......#...........##
##........#####..####
#.....#### #..#
#.....# #..# #.....#
.... ####.## ##..> #.#
.# ...# #.# .# #.##
#♣# .# #§# .#
#§###.#### #.##.....
#.##..##.#.#
#..)........
####.....#.. #.....#
##.......


There were no monsters in sight!

Vanquished Creatures
  A gnoll (D:2)
  5 adders (D:2)
  2 worms
  A dart slug (D:1)
  2 leopard geckos
  5 bats
  A giant cockroach (D:1)
  5 goblins
  10 hobgoblins
  3 frilled lizards
  6 kobolds
  5 rats
46 creatures vanquished.

Notes
Turn   | Place    | Note
-------+----------+-------------------------------------------
     0 | D:1      | pstr the Kobold Conjurer began the quest for the Orb.
     0 | D:1      | Reached XP level 1. HP: 10/10 MP: 3/3
   362 | D:1      | Reached XP level 2. HP: 5/15 MP: 0/5
   785 | D:2      | Learned a level 2 spell: Searing Ray
   875 | D:1      | Reached XP level 3. HP: 19/19 MP: 3/6
  1080 | D:1      | Reached skill level 1 in Throwing
  1792 | D:2      | Reached XP level 4. HP: 24/24 MP: 1/7
  2403 | D:2      | Reached XP level 5. HP: 20/28 MP: 1/9
  2562 | D:2      | Learned a level 3 spell: Dazzling Spray
  2572 | D:2      | Noticed Sigmund
  2654 | D:2      | Killed Sigmund
  2654 | D:2      | Killed from afar by Sigmund

Skill      XL: |  1  2  3  4 |
---------------+-------------+-----
Throwing       | 1 |  1.6
Stealth        | 3 |  3.2
Spellcasting   | 3 |  3.2
Fighting       | |  0.4
Maces & Flails | |  0.1
Armour         | |  0.1
Dodging        | |  2.9
Conjurations   | |  4.6

Action                   |  1- 3 |  4- 6 || total
-------------------------+-------+-------++-------
Melee: Whip              |     7 |    12 ||    19
Throw: Stone             |    38 |     3 ||    41
 Cast: Magic Dart        |    40 |     2 ||    42
       Searing Ray       |    19 |    19 ||    38
  Use: Scroll            |     4 |     2 ||     6
       Potion            |     1 |     1 ||     2
  Eat: Chunk             |    11 |     5 ||    16
Armor: Robe              |     8 |       ||     8
       Leather armour    |       |     6 ||     6
       Skin              |       |     8 ||     8
Dodge: Dodged            |    59 |    15 ||    74
